 Dungeon Crawl Stone Soup version 0.30.0-29-ga12c61a403 (webtiles) character file.

Game seed: 14028433079530252708

2422 comborobin the Basher (level 9, -2/74 HPs)
             Began as a Demigod Delver on June 6, 2023.
             Slain by a yak (19 damage)
             ... on level 7 of the Dungeon.
             The game lasted 00:10:19 (6805 turns).

comborobin the Basher (Demigod Delver)              Turns: 6805, Time: 00:10:19

Health: -2/74      AC: 10    Str: 25      XL:     9   Next: 4%
Magic:  11/11      EV: 11    Int: 11 (12) God:
Gold:   315        SH:  4    Dex: 15      Spells: 8/8 levels left

rFire   . . .        D - +4 quarterstaff (chaos)
rCold   . . .        (shield currently unavailable)
rNeg    . . .        s - +0 ring mail
rPois   +            e - +1 hat
rElec   .            C - +1 cloak
rCorr   .            h - +0 pair of gloves
SInv    .            (no boots)
Will    .....        o - amulet of the acrobat
Stlth   ++           (no ring)
HPRegen 0.32/turn    (no ring)
MPRegen 0.12/turn

%: acrobat
@: no status effects
A: high MP 1, forlorn, divine attributes, large bone plates 1, deterioration 1,
poison resistance
a: no special abilities


You were on level 7 of the Dungeon.
You visited 1 branch of the dungeon, and saw 7 of its levels.

You collected 315 gold pieces.

Inventory:

Hand Weapons
 a - a +0 mace
 i - a +2 whip of freezing
 u - a +2 short sword of speed
 v - a +1 flail of freezing
 B - a +2 hammer of venom
 D - a +4 quarterstaff of chaos (weapon)
 F - a +0 whip of pain
Missiles
 f - 9 poisoned darts
 j - 4 atropa-tipped darts (quivered)
 m - 3 silver boomerangs
Armour
 b - a +0 leather armour
 e - a +1 hat (worn)
 h - a +0 pair of gloves (worn)
 s - a +0 ring mail (worn)
 C - a +1 cloak (worn)
Jewellery
 o - an amulet of the acrobat (around neck)
 L - a ring of ice
 M - an amulet of magic regeneration
Wands
 g - a wand of digging (2)
 p - a wand of roots (5)
 G - a wand of flame (34)
 I - a wand of mindburst (7)
Scrolls
 c - a scroll of fog
 l - 6 scrolls of teleportation
 q - a scroll of noise
 r - 2 scrolls of identify
 x - 2 scrolls of enchant armour {unknown}
 y - a scroll of magic mapping
 H - 2 scrolls of enchant weapon {unknown}
 J - a scroll of silence
Potions
 d - 3 potions of heal wounds
 k - 2 potions of degeneration {unknown}
 n - 3 potions of curing {unknown}
 t - a potion of lignification
 w - 2 potions of haste
 z - 2 potions of brilliance {unknown}
 A - 3 potions of attraction {unknown}
 E - 2 potions of flight {unknown}
 K - a potion of mutation


   Skills:
 - Level 5.0 Fighting
 - Level 8.0(8.7) Maces & Flails
 * Level 5.1(7.2) Staves
 + Level 4.6 Armour
 - Level 1.7 Dodging
 - Level 4.5 Stealth


You had 8 spell levels left.
You didn't know any spells.
Your spell library contained the following spells:

 Spells                   Type           Power      Damage    Failure   Level
 Beastly Appendage        Tmut           0%         N/A       45%         1
 Necrotise                Necr           0%         1d4       45%         1
 Blink                    Tloc           0%         N/A       61%         2
 Ensorcelled Hibernation  Hex/Ice        0%         N/A       61%         2
 Lesser Beckoning         Tloc           0%         N/A       61%         2
 Momentum Strike          Conj/Tloc      0%         3d8       61%         2
 Passwall                 Tmut/Erth      0%         N/A       61%         2
 Wereblood                Tmut           0%         N/A       61%         2
 Inner Flame              Hex/Fire       0%         N/A       83%         3
 Spider Form              Tmut/Pois      0%         N/A       83%         3
 Swiftness                Air            0%         N/A       83%         3
 Vampiric Draining        Necr           0%         2d6       83%         3
 Agony                    Necr           0%         N/A       100%        5
 Yara's Violent Unravell  Hex/Tmut       0%         3d3       100%        5
 Enfeeble                 Hex            0%         N/A       100%        7


Dungeon Overview and Level Annotations

Branches:
Dungeon (7/15)             Temple (0/1) D:6

Shops:
D:4 (:

Annotations:
D:5 2 transporters, JMMCWHIRT's ghost, amateur MiCK
D:6 2 transporters, wingedge's ghost, novice OpSu


Innate Abilities, Weirdness & Mutations

You have an increased reservoir of magic. (+10% MP)
You shall have no god before yourself.
Your divine heritage dramatically boosts your attributes as you level up.
You are partially covered in large bone plates. (SH +4)
Your body sometimes deteriorates upon taking damage.
Your system is resistant to poisons. (rPois)


Message History

The killer bee is moderately wounded.
The killer bee stings you but does no damage. x2
The killer bee barely misses itself.
You strike the helpless killer bee from behind!
You hit the killer bee.
The killer bee resists with some effort.
The killer bee is severely wounded.
The killer bee stings you!
You hit the killer bee but do no damage.
The killer bee is severely wounded.
The killer bee barely misses you.
The killer bee stings itself!
The killer bee is killed!
The yak completely misses you.
You sock the yak! You freeze the yak.
The yak is moderately wounded.
The yak barely misses you.
You barely miss the yak.
The yak is moderately wounded.
The yak gores you!
Your body deteriorates!
You feel dopey.
You are too injured to fight recklessly!
You sock the yak!
The yak is severely wounded.
The yak misses you.
You are too injured to fight recklessly!
You are too injured to fight recklessly!
You hit the yak. You burn the yak.
The yak is severely wounded.
The yak gores you!
* * * LOW HITPOINT WARNING * * *
You barely miss the yak.
The yak is severely wounded.
The yak gores you.
* * * LOW HITPOINT WARNING * * *
You are too injured to fight recklessly!
Okay, then.
You hit the yak but do no damage.
The yak seems to grow stronger.
The yak is severely wounded.
The yak gores you!!
You die...

#.....# ... #∩.⌠.∩#
.... #..... ....
#∩...∩ #.#. ...###
#.#. #...# #?#y
########...#######.#.
#...@Y..>..........#.
##########......Y#...
#######Y###. ...###
....# .....# F.Y....
......##.


You could see a yak (strong).

Vanquished Creatures
  Pikel (D:4)
  A mana viper (shapeshifter) (D:6)
  A black bear (D:5)
  A sky beast (D:6)
  An ogre (D:4)
  A phantom (D:5)
  A lemure (D:4)
  A scorpion (D:4)
  8 wights
  2 killer bees (D:7)
  A howler monkey (D:4)
  3 hounds
  Crazy Yiuf (D:4)
  2 iguanas
  A jelly (D:7)
  A sleepcap (D:5)
  6 orc wizards
  4 adders
  A shadow imp (D:6)
  An ufetubus (D:5)
  3 worms
  3 dart slugs
  23 orcs
  10 endoplasms
  2 giant cockroaches
  8 goblins
  5 hobgoblins
  3 jackals (D:2)
  7 kobolds (D:2)
  5 quokkas
  4 ball pythons
  6 bats
  A frilled lizard (D:2)
  7 rats
126 creatures vanquished.

Notes
Turn   | Place    | Note
-------+----------+-------------------------------------------
     0 | D:5      | comborobin the Demigod Delver began the quest for the Orb.
     0 | D:5      | Reached XP level 1. HP: 18/18 MP: 3/3
    22 | D:4      | Noticed an iguana
    82 | D:4      | Found Biwox's Antique Weapon Boutique.
   112 | D:4      | Noticed Pikel
   112 | D:4      | Noticed a lemure
   112 | D:4      | Noticed a lemure
   113 | D:4      | Noticed a lemure
   181 | D:4      | Noticed an orc wizard
   185 | D:4      | Noticed a scorpion
   193 | D:3      | Reached skill level 2 in Maces & Flails
   632 | D:3      | Reached XP level 2. HP: 21/25 MP: 4/4
   688 | D:2      | Reached skill level 3 in Maces & Flails
   792 | D:1      | Reached XP level 3. HP: 30/30 MP: 5/5
  1668 | D:1      | You fall into a shaft and drop 1 floor!
  1772 | D:2      | Reached skill level 4 in Maces & Flails
  1839 | D:2      | Reached XP level 4. HP: 37/37 MP: 6/6
  2590 | D:3      | Reached skill level 5 in Maces & Flails
  2590 | D:3      | Reached XP level 5. HP: 42/42 MP: 7/7
  3031 | D:2      | Reached skill level 6 in Maces & Flails
  3031 | D:2      | Reached XP level 6. HP: 50/50 MP: 8/8
  3361 | D:4      | Found Maew's Book Shop.
  3410 | D:4      | Reached skill level 7 in Maces & Flails
  3562 | D:4      | Reached skill level 1 in Armour
  3562 | D:4      | Reached XP level 7. HP: 46/57 MP: 9/9
  3590 | D:4      | Gained mutation: Your system is resistant to poisons.
                  | (rPois) [potion of mutation]
  3590 | D:4      | Gained mutation: Your body sometimes deteriorates upon
                  | taking damage. [potion of mutation]
  3590 | D:4      | Gained mutation: You are partially covered in large bone
                  | plates. (SH +4) [potion of mutation]
  3611 | D:4      | Killed Pikel
  3612 | D:4      | Reached skill level 8 in Maces & Flails
  3840 | D:4      | Found a runed translucent door.
  3841 | D:4      | Noticed Crazy Yiuf
  4003 | D:4      | Killed Crazy Yiuf
  4490 | D:5      | Reached skill level 1 in Staves
  4490 | D:5      | Reached XP level 8. HP: 51/66 MP: 10/10
  4664 | D:5      | Identified the +5 trident of Sylaegh {pain, rN+ Will++
                  | Dex+3}
  4664 | D:5      | Identified the +4 ring mail "Losit" {rElec}
  5026 | D:5      | Found a transporter.
  5026 | D:5      | Found a transporter.
  5095 | D:5      | Noticed JMMCWHIRT's ghost (amateur MiCK)
  5280 | D:6      | Found a transporter.
  5285 | D:6      | Noticed wingedge's ghost (novice OpSu)
  5286 | D:6      | Found a transporter.
  5447 | D:6      | Found a staircase to the Ecumenical Temple.
  5878 | D:6      | a scorpion changed into a glowing shapeshifter
  5878 | D:6      | Noticed a glowing shapeshifter (glowing shapeshifter)
  5878 | D:6      | a glowing shapeshifter changed into a shining eye
  5878 | D:6      | Noticed a shining eye (glowing shapeshifter)
  5880 | D:6      | a shining eye changed into a steelbarb worm
  5880 | D:6      | Noticed a steelbarb worm (glowing shapeshifter)
  5884 | D:6      | a steelbarb worm changed into a death drake
  5884 | D:6      | Noticed a death drake (glowing shapeshifter)
  5885 | D:6      | a death drake changed into a faun
  5885 | D:6      | Noticed a faun (glowing shapeshifter)
  5890 | D:6      | a faun changed into a mana viper
  5890 | D:6      | Noticed a mana viper (glowing shapeshifter)
  5895 | D:6      | Killed a mana viper
  5896 | D:6      | Reached skill level 5 in Fighting
  6432 | D:7      | Noticed a white ugly thing
  6437 | D:7      | Noticed a cyan ugly thing
  6788 | D:7      | Reached XP level 9. HP: 63/74 MP: 11/11
  6794 | D:7      | Reached skill level 5 in Staves
  6805 | D:7      | Slain by a yak

Illustrated notes

Levels and vault maps discovered:
D:1:      dpeg_arrival_tiny_a, layout_loops_corners
D:2:      layout_basic, basic_ecumenical_altar, grunt_ministairs_15,
          minmay_quantized
D:3:      layout_loops_cross, nicolae_overflow_hidden_temple,
          nicolae_ru_awakened_eye
D:4:      layout_rooms, kennysheep_mini, mainiacjoe_overflow_catwalk_spiral,
          mainiacjoe_overflow_chevrons, serial_shops, nicolae_shop_stone, shop,
          uniq_crazy_yiuf_cottage, uniq_pikel
D:5:      layout_cave_pools, gammafunk_ghost_gnarly_gnolls
D:6:      layout_loops_corners, minmay_temple_entry_slanted,
          gammafunk_ghost_arena
D:7:      gammafunk_corrupted_shrine, layout_basic, lemuel_crystal_altar,
          lemuel_crystal_altar, nicolae_shop_clearance

Skill      XL: |  1  2  3  4  5  6  7  8  9 |
---------------+----------------------------+-----
Maces & Flails | 2 3 4 5 6 7 8 |  8.0
Fighting       | 3 4 5 |  5.0
Armour         | 1 2 4 |  4.6
Staves         | 1 4 5 |  5.1
Dodging        | |  1.7
Stealth        | |  4.5

Action                     |  1- 3 |  4- 6 |  7- 9 || total
---------------------------+-------+-------+-------++-------
  Melee: Mace              |   157 |    38 |     5 ||   200
         Unarmed           |       |    22 |       ||    22
         Short sword       |       |    20 |       ||    20
         Flail             |       |    55 |    27 ||    82
         Quarterstaff      |       |       |   148 ||   148
  Throw: Dart              |     1 |       |     2 ||     3
  Evoke: Wand              |       |     6 |     7 ||    13
    Use: Scroll            |     7 |     1 |       ||     8
         Potion            |     2 |     2 |     3 ||     7
   Stab: Sleeping          |    11 |     8 |     2 ||    21
         Invisible         |     1 |       |       ||     1
         Confused          |       |       |     1 ||     1
 Armour: Leather armour    |    56 |    11 |       ||    67
         Skin              |       |    31 |       ||    31
         Ring mail         |       |    18 |    51 ||    69
  Dodge: Dodged            |   173 |    49 |   116 ||   338
  Block: Other             |       |       |    36 ||    36
